 Seeded DCSS version 0.30.1-11-g7821555f0a (webtiles) character file.

Game seed: 12577214031010449085 (custom seed)

50 Psyclone the Conjurer (level 3, 0/19 HPs)
             Began as a Deep Elf Conjurer on Nov 9, 2023.
             Was an Initiate of Gozag.
             Slain by Sigmund
             ... wielding a +0 scythe
              (6 damage)
             ... on level 3 of the Dungeon.
             The game lasted 00:03:36 (2034 turns).

Psyclone the Conjurer (Deep Elf Conjurer)           Turns: 2034, Time: 00:03:36

Health: 0/19       AC:  2    Str:  4    XL:     3   Next: 55%
Magic:  2/10       EV: 12    Int: 24    God:    Gozag
Gold:   320        SH:  0    Dex: 13    Spells: 6/9 levels left

rFire   . . .        c - +0 dagger
rCold   . . .        (no shield)
rNeg    . . .        a - +0 robe
rPois   .            (no helmet)
rElec   .            (no cloak)
rCorr   .            (no gloves)
SInv    .            (no boots)
Will    .....        (no amulet)
Stlth   ++           (no ring)
HPRegen 0.23/turn    (no ring)
MPRegen 0.12/turn

%: no passive effects
@: no status effects
A: no striking features
a: Renounce Religion, Potion Petition, Call Merchant, Bribe Branch


You were on level 3 of the Dungeon.
You worshipped Gozag.
Gozag was aware of your devotion.
You visited 1 branch of the dungeon, and saw 3 of its levels.

You collected 320 gold pieces.

Inventory:

Hand Weapons
 c - a +0 dagger (weapon)
Armour
 a - a +0 robe (worn)
Jewellery
 i - a ring of willpower
Scrolls
 f - 3 scrolls of identify {unknown}
 h - 2 scrolls of enchant weapon {unknown}
 k - 2 scrolls of magic mapping {unknown}
 l - a scroll of vulnerability {unknown}
Potions
 b - a potion of magic
 d - a potion of resistance {unknown}
 e - 2 potions of degeneration {unknown}
 g - a potion of might {unknown}
 j - a potion of ambrosia {unknown}


   Skills:
 - Level 2.4 Dodging
 - Level 2.4 Stealth
 + Level 3.9 Spellcasting
 * Level 5.4 Conjurations


You had 6 spell levels left.
You knew the following spells:

 Your Spells              Type           Power      Damage    Failure   Level
a - Magic Dart            Conj           100%       1d8       1%          1
b - Searing Ray           Conj           60%        2d6       1%          2

Your spell library contained the following spells:

 Spells                   Type           Power      Damage    Failure   Level
 Dazzling Flash           Conj/Hex       34%        N/A       10%         3
 Volatile Blastmotes      Fire/Tloc      8%         2d10      30%         3
 Fulminant Prism          Conj/Hex       8%         3d7       32%         4
 Iskenderun's Mystic Bla  Conj/Tloc      17%        2d5       32%         4
 Summon Ice Beast         Ice/Summ       4%         N/A       69%         4
 Summon Mana Viper        Hex/Summ       4%         N/A       95%         5
 Starburst                Conj/Fire      8%         6d4       99%         6
 Monstrous Menagerie      Summ           2%         N/A       100%        7


Dungeon Overview and Level Annotations

Branches:
Dungeon (3/15) Zot: 15965

Altars:
Gozag
Qazlal

Shops:
D:1 [

Annotations:
D:3 Jessica, Sigmund


Message History

Sigmund shouts!
You hear a shout!
There is an open door here.
Casting: Magic Dart (safe; 1% risk of failure)
Confirm with . or Enter, or press ? or * to list all spells.
Aiming: Searing Ray (safe; 1% risk of failure)
Press: ? - help, Shift-Dir - straight line, f - Sigmund
Aim: Sigmund, wielding a +0 scythe and wearing a +0 robe (77% to hit)
The searing ray hits Sigmund.
Sigmund is moderately wounded. (Press . to maintain the ray.) Jessica the Apprentice Sorceress comes into view.
She is wielding a +0 club.
You now have 8/10 mp.
The searing ray hits Sigmund.
Sigmund is heavily wounded.
Sigmund hits you from afar with a +0 scythe.
You take 1 damage, and have 18/19 hp.
You now have 7/10 mp.
The searing ray misses Sigmund.
You now have 6/10 mp.
The searing ray hits Sigmund!
Sigmund is severely wounded.
You finish channelling your searing ray.
Sigmund casts a spell at you. The magic dart hits you.
You take 4 damage, and have 14/19 hp.
MASSIVE DAMAGE!!
You now have 5/10 mp.
Casting: Searing Ray (safe; 1% risk of failure)
Confirm with . or Enter, or press ? or * to list all spells.
Aiming: Searing Ray (safe; 1% risk of failure)
Press: ? - help, Shift-Dir - straight line, f/p - Sigmund
Aim: Sigmund, wielding a +0 scythe and wearing a +0 robe (severely wounded, 77% to hit)
The searing ray misses Sigmund. (Press . to maintain the ray.) Sigmund casts a spell at you.
The puff of flame hits you!
* * * LOW HITPOINT WARNING * * *
You take 9 damage, and have 5/19 hp.
MASSIVE DAMAGE!!
You now have 3/10 mp.
The searing ray hits Sigmund.
Sigmund is almost dead.
Sigmund hits you from afar with a +0 scythe.
You die...
Your body crumbles into a pile of gold.

......)# #......#####
+.......... #........#
+...@.!..# #.....@..#
#.......#
##@################
######.........##.......
#..............##.......
+..............#........
#.......................
#.......................
+........######...####+#
#.............'...# #
#.#+##...######...####.#


You could see Sigmund and Jessica.

Vanquished Creatures
  An adder (D:2)
  A worm (D:2)
  A dart slug (D:2)
  An orc (D:3)
  8 endoplasms
  A giant cockroach (D:1)
  3 goblins
  4 hobgoblins
  A ball python (D:2)
  2 bats (D:1)
  4 frilled lizards
  5 kobolds
  A rat (D:1)
33 creatures vanquished.

Notes
Turn   | Place    | Note
-------+----------+-------------------------------------------
     0 | D:1      | Psyclone the Deep Elf Conjurer began the quest for the Orb.
     0 | D:1      | Reached XP level 1. HP: 10/10 MP: 6/6
   107 | D:2      | Found a faded altar of an unknown god.
   112 | D:2      | Prayed at the altar of an unknown god.
   112 | D:2      | Became a worshipper of Gozag Ym Sagoz the Greedy
   119 | D:2      | Reached XP level 2. HP: 8/15 MP: 0/8
   313 | D:2      | Reached skill level 5 in Conjurations
   604 | D:1      | Reached XP level 3. HP: 19/19 MP: 8/10
   660 | D:1      | Found Innacil's Antique Armour Shop.
  1074 | D:2      | Found a stormy altar of Qazlal.
  1751 | D:2      | Learned a level 2 spell: Searing Ray
  2028 | D:3      | Noticed Sigmund
  2029 | D:3      | Noticed Jessica
  2034 | D:3      | Slain by Sigmund

Illustrated notes

Levels and vault maps discovered:
D:1:      heliophobic_arrival_glass_houses, layout_rooms, serial_shops,
          nicolae_shop_back_alley_shop
D:2:      layout_basic, shapermc_ecumenical_altar_acropolis, basic_altar,
          hangedman_feature_mirror, kennysheep_generic_room_8
D:3:      layout_basic, lemuel_round_altar, cheibrodos_sewer_entry_bend,
          uniq_terence, uniq_jessica, uniq_sigmund

Skill      XL: |  1  2 |
---------------+-------+-----
Conjurations   | 5 |  5.4
Dodging        | |  2.4
Stealth        | |  2.4
Spellcasting   | |  3.9

Action                     || total
---------------------------++-------
   Cast: Magic Dart        ||    62
         Searing Ray       ||     2
 Armour: Robe              ||     3
  Dodge: Dodged            ||     4
